 Dungeon Crawl Stone Soup version 0.27-a0-1136-g0b992a5a9d (webtiles) character file.

Game seed: 14545196173280246414

2639 Anon1729 the Nimble (level 9, -2/46 HPs)
             Began as a Felid Berserker on May 5, 2021.
             Was a High Priest of Trog.
             Slain by a five-headed hydra (10 damage)
             ... on level 10 of the Dungeon.
             The game lasted 00:13:23 (8523 turns).

Anon1729 the Nimble (Felid Berserker)               Turns: 8523, Time: 00:13:24

Health: -2/46      AC:  2    Str: 14    XL:     9   Next: 35%
Magic:  10/10      EV: 27    Int:  9    God:    Trog [*****.]
Gold:   579        SH:  0    Dex: 18    Spells: 8/8 levels left
                                        Lives:  0   Deaths: 2

rFire    . . .     SeeInvis +     - Unarmed
rCold    . . .     Faith    .   (shield unavailable)
rNeg     . . .     Spirit   .   (armour unavailable)
rPois    .         Reflect  .   (helmet unavailable)
rElec    .         Harm     .   (cloak unavailable)
rCorr    +         Rampage  .   (gloves unavailable)
Will     ++...                  (boots unavailable)
Stlth    ++........             m - amulet of regeneration
HPRegen  1.15/turn              e - ring of willpower
MPRegen  0.12/turn              t - ring of resist corrosion

@: quick
A: very small, claws 1, fangs 3, see invisible, speed 1, shaggy fur 2, stealthy
paws, no weapons or thrown items, no armour, multi-lived
a: Renounce Religion, Berserk, Trog's Hand, Brothers in Arms


You were on level 10 of the Dungeon.
You worshipped Trog.
Trog was extremely pleased with you.
You visited 2 branches of the dungeon, and saw 11 of its levels.

You collected 579 gold pieces.

Inventory:

Jewellery
 e - a ring of willpower (left paw)
 m - an amulet of regeneration (around neck)
 s - an amulet of guardian spirit
 t - a ring of resist corrosion (right paw)
 w - a +6 ring of strength
Wands
 q - a wand of charming (7)
 r - a wand of flame (24)
 y - a wand of paralysis (11)
 A - a wand of iceblast (12)
 D - a wand of mindburst (20)
Scrolls
 a - 2 scrolls of immolation {unknown}
 b - a scroll of blinking {unknown}
 c - a scroll of magic mapping {unknown}
 h - 12 scrolls of identify {unknown}
 j - 3 scrolls of fear {unknown}
 k - 2 scrolls of brand weapon {unknown}
 v - a scroll of fog {unknown}
 x - 2 scrolls of noise {unknown}
 z - a scroll of silence {unknown}
 B - a scroll of teleportation {unknown}
Potions
 d - 2 potions of might {unknown}
 f - 2 potions of invisibility {unknown}
 g - 2 potions of degeneration {unknown}
 i - 2 potions of cancellation {unknown}
 l - 2 potions of attraction {unknown}
 n - a potion of heal wounds {unknown}
 o - 2 potions of brilliance {unknown}
 p - 3 potions of curing {unknown}
 u - a potion of mutation {unknown}
 C - a potion of lignification {unknown}


   Skills:
 + Level 10.2 Fighting
 + Level 12.8 Dodging
 + Level 10.2 Unarmed Combat


You had 8 spell levels left.
You didn't know any spells.
Your spell library was empty.

Dungeon Overview and Level Annotations

Branches:
Dungeon (10/15)            Temple (1/1) D:5            Lair (0/6) D:9
    Orc: D:9-12

Altars:
Ashenzari
Cheibriados
Elyvilon
Fedhas
Gozag
Kikubaaqudgha
Makhleb
Nemelex Xobeh
Qazlal
Ru
Trog
Wu Jian
Xom
The Shining One

Shops:
D:9 *

Annotations:
D:3 Grinder


Innate Abilities, Weirdness & Mutations

You have sharp claws.
You have razor-sharp teeth.
You have supernaturally acute eyesight. (SInv)
You cover ground quickly. (Speed+)
You are covered in thick fur. (AC +2)
Your paws help you pounce on unaware monsters.
You are incapable of wielding weapons or throwing items.
You cannot wear armour.
You gain extra lives every three experience levels.


Message History

The five-headed hydra bites you.
* * * LOW HITPOINT WARNING * * *
The five-headed hydra completely misses you.
The five-headed hydra bites you!
You die...
The five-headed hydra bites you. x2
The five-headed hydra closely misses you.
You are now level 9!
You rejoin the land of the living...
Found a chain mail.
A centaur zombie comes into view.
The centaur zombie moves out of view.
A centaur zombie is nearby!
A centaur zombie is nearby!
A centaur zombie is nearby!
You scratch the centaur zombie.
The centaur zombie is lightly damaged.
The centaur zombie barely misses you. The centaur zombie misses you.
The centaur zombie completely misses you. x2
You mangle the centaur zombie!!
The centaur zombie is severely damaged.
The centaur zombie completely misses you. x2
You claw the centaur zombie!
You destroy the centaur zombie!
Trog accepts your kill.
You scratch the five-headed hydra.
The five-headed hydra is lightly wounded.
You claw the five-headed hydra! You bite the five-headed hydra.
The five-headed hydra is heavily wounded.
The five-headed hydra misses you. The five-headed hydra bites you!
The five-headed hydra completely misses you.
The five-headed hydra misses you.
The five-headed hydra barely misses you.
You mangle the five-headed hydra!! You bite the five-headed hydra.
The five-headed hydra is severely wounded.
The five-headed hydra misses you. The five-headed hydra bites you.
The five-headed hydra bites you!
* * * LOW HITPOINT WARNING * * *
The five-headed hydra bites you!
You die...

#.......###........###
#.......##...####...##
#...........######..##
#.)........##p..)##.[#
#..........##........#
#####..........##.......$#
...............##....##.(#
.........D......######..##
.........@..## ####...##
............###$....$.$###
≈≈≈≈.........####(..$####.
≈≈≈≈....####..##########..
≈≈≈≈....# ......######...#
≈≈≈≈....###...............
≈≈≈≈......#......#.......#
≈≈≈≈......#......#.......#
≈≈≈≈....###......#.......#


You could see a five-headed hydra.

Vanquished Creatures
  A two-headed ogre (D:9)
  A manticore (D:10)
  A kobold demonologist (D:10)
  Prince Ribbit (D:8)
  A shadow (D:10)
  A vampire (D:10)
  2 wyverns
  6 yaks
  Grum (D:8)
  Menkaure (D:7)
  2 steam dragons
  2 wargs (D:9)
  2 ice beasts
  A sky beast (D:8)
  3 orc warriors (D:9)
  2 ogres
  2 wolves (D:8)
  2 centaurs
  2 necrophages (D:5)
  2 phantoms (D:5)
  7 kobold brigands
  A bullfrog (D:8)
  4 scorpions
  2 water moccasin zombies
  A wyvern skeleton (D:7)
  2 gnoll sergeants
  9 wights
  A crimson imp (D:4)
  2 centaur zombies
  6 hounds
  A centaur skeleton (D:7)
  A gnoll shaman (D:7)
  A jelly (D:4)
  3 iguanas
  4 orc wizards (D:9)
  2 hound skeletons (D:5)
  A howler monkey zombie (D:9)
  15 gnolls
  11 adders
  A howler monkey skeleton (D:5)
  A white imp (D:8)
  An ufetubus (D:5)
  An adder skeleton (D:4)
  3 worms
  6 dart slugs
  14 orcs
  7 endoplasms
  A giant cockroach (D:4)
  6 goblins
  7 hobgoblins
  9 jackals
  9 quokkas
  9 ball pythons
  3 bats
  6 frilled lizards
  30 kobolds
  7 rats
231 creatures vanquished.

Notes
Turn   | Place    | Note
-------+----------+-------------------------------------------
     0 | D:1      | Anon1729 the Felid Berserker began the quest for the Orb.
     0 | D:1      | Reached XP level 1. HP: 10/10 MP: 2/2
   459 | D:3      | Reached XP level 2. HP: 14/14 MP: 3/3
   826 | D:3      | Reached XP level 3. HP: 9/17 MP: 4/4
  1242 | D:3      | Noticed Grinder
  1255 | D:3      | Found a white marble altar of Elyvilon.
  1255 | D:3      | Found a stormy altar of Qazlal.
  1263 | D:3      | Found a bloodstained altar of Trog.
  1265 | D:3      | Found a blossoming altar of Fedhas.
  1267 | D:3      | Found a sparkling altar of Nemelex Xobeh.
  1545 | D:2      | Reached ** piety under Trog
  1581 | D:2      | Noticed a centaur
  1588 | D:2      | Killed a centaur
  1589 | D:2      | Reached skill level 5 in Dodging
  1589 | D:2      | Reached XP level 4. HP: 7/22 MP: 5/5
  1589 | D:2      | Reached XP level 5. HP: 8/25 MP: 6/6
  3137 | D:1      | Reached *** piety under Trog
  3188 | D:1      | Found a faded altar of an unknown god.
  3473 | D:4      | Reached skill level 6 in Dodging
  3545 | D:4      | Gained mutation: You are covered in thick fur. (AC +2)
                  | [Felid growth]
  3545 | D:4      | Reached XP level 6. HP: 29/29 MP: 7/7
  3866 | D:4      | Reached skill level 5 in Fighting
  4010 | D:4      | Found an opulent altar of Gozag.
  4011 | D:4      | Found a glowing golden altar of the Shining One.
  4020 | D:4      | Reached skill level 5 in Unarmed Combat
  4091 | D:4      | Identified the Catalogue of Twisted Toxins
  4151 | D:4      | Reached XP level 7. HP: 31/33 MP: 8/8
  4262 | D:4      | Found a burning altar of Makhleb.
  4262 | D:4      | Found a shimmering altar of Xom.
  4347 | D:4      | Reached skill level 7 in Dodging
  4531 | D:5      | Entered Level 5 of the Dungeon
  4539 | D:5      | Found a staircase to the Ecumenical Temple.
  4670 | Temple   | Entered the Ecumenical Temple
  4955 | D:5      | Reached **** piety under Trog
  5213 | D:5      | Reached skill level 8 in Dodging
  5213 | D:5      | Reached XP level 8. HP: 38/38 MP: 9/9
  5407 | D:5      | Found a snail-covered altar of Cheibriados.
  5854 | D:6      | Reached skill level 9 in Dodging
  6348 | D:7      | Found a broken altar of Ashenzari.
  6359 | D:7      | Reached XP level 9. HP: 43/43 MP: 10/10
  6401 | D:7      | Noticed Menkaure
  6423 | D:7      | Killed Menkaure
  6595 | D:7      | Reached skill level 10 in Dodging
  6700 | D:7      | Found an ancient bone altar of Kikubaaqudgha.
  7007 | D:8      | Noticed Prince Ribbit
  7139 | D:8      | Killed Prince Ribbit
  7140 | D:8      | Reached skill level 11 in Dodging
  7182 | D:8      | Found a sacrificial altar of Ru.
  7277 | D:8      | Reached ***** piety under Trog
  7487 | D:8      | Noticed Grum
  7496 | D:8      | Reached XP level 10. HP: 49/49 MP: 11/11
  7503 | D:8      | Killed Grum
  7696 | D:9      | Slain by a wight
  7697 | D:9      | Reached XP level 9. HP: -3/60 MP: 10/10
  7846 | D:9      | Found a staircase to the Lair.
  8062 | D:9      | Noticed a two-headed ogre
  8068 | D:9      | Killed a two-headed ogre
  8069 | D:9      | Reached skill level 12 in Dodging
  8218 | D:9      | Found Watzeud's General Store.
  8359 | D:10     | Entered Level 10 of the Dungeon
  8365 | D:10     | Noticed a kobold demonologist
  8371 | D:10     | Killed a kobold demonologist
  8371 | D:10     | Found an ornate altar of the Wu Jian Council.
  8372 | D:10     | Reached XP level 10. HP: 50/51 MP: 11/11
  8385 | D:10     | Reached skill level 10 in Fighting
  8400 | D:10     | Reached skill level 10 in Unarmed Combat
  8421 | D:10     | Noticed a five-headed hydra
  8429 | D:10     | Noticed a manticore
  8454 | D:10     | Noticed a wizard
  8479 | D:10     | Killed a manticore
  8496 | D:10     | Mangled by a five-headed hydra
  8497 | D:10     | Reached XP level 9. HP: -10/46 MP: 10/10
  8523 | D:10     | Slain by a five-headed hydra

Illustrated notes

Levels and vault maps discovered:
D:1:      dpeg_arrival_round_a, layout_rooms, ebering_ecumenical_altar_hall,
          chequers_serial_rivers_micro_a, minivault_27
D:2:      layout_rooms, kennysheep_generic_room_12
D:3:      layout_loops_cross, chequers_temple_overflow_minitemple, uniq_grinder
D:4:      minmay_angry_zag, layout_cave_pools,
          grunt_temple_overflow_champion_of_chaos, jmf_multi_god_temple
D:5:      layout_basic, kennysheep_slug_shrine, minmay_temple_entry_waves
D:6:      layout_basic
D:7:      layout_cave_pools, kennysheep_little_box,
          ashenzari_conservatory_becter, serial_park_tiny_pond,
          kennysheep_pointless_box, chequers_serial_rivers_micro_b,
          kennysheep_minor_cross, uniq_menkaure
D:8:      layout_basic, lemuel_round_altar, uniq_grum, uniq_prince_ribbit1
D:9:      layout_basic, erik_lair_orcish_takeover, serial_shops, shop,
          kennysheep_generic_room_5
D:10:     nicolae_whirlpool, layout_irregular_city, overflow_temple_1_default,
          minmay_mirror_moons_of_madness
Temple:   corrupted_temple

Skill      XL: |  1  2  3  4  5  6  7  8  9 10 |
---------------+-------------------------------+-----
Fighting       | 4 5 6 7 9 10 | 10.2
Dodging        | 5 6 8 9 12 | 12.8
Unarmed Combat | 4 5 6 7 8 10 | 10.2

Action                   |  1- 3 |  4- 6 |  7- 9 | 10-12 || total
-------------------------+-------+-------+-------+-------++-------
Melee: Unarmed           |    69 |   178 |   411 |    79 ||   737
       Bite              |     9 |    19 |    68 |     9 ||   105
       Punch             |       |     5 |    18 |     5 ||    28
Invok: Berserk           |     3 |     6 |    23 |     3 ||    35
       Trog's Hand       |       |       |     1 |       ||     1
Evoke: Wand              |       |       |       |     1 ||     1
 Stab: Sleeping          |     1 |     5 |     5 |       ||    11
Armor: Skin              |     1 |     9 |    12 |     2 ||    24
Dodge: Dodged            |    40 |   187 |   426 |    83 ||   736

Table legend: (Time is in decaauts)
 A = Elapsed time spent in this place.
 B = Non-inter-level travel time spent in this place.
 C = Inter-level travel time spent in this place.
 D = Time resting spent in this place.
 E = Time spent auto-exploring this place.
 F = Levels seen in this place.
 G = Mean time per level.
                   A        B        C        D        E       F      G
               +--------+--------+--------+--------+--------+-----+--------+
         Total |   7758 |   7545 |    213 |   1714 |   4389 |  11 |  705.3 |
       Dungeon |   7617 |   7404 |    213 |   1574 |   4389 |  10 |  761.7 |
        Temple |    141 |    141 |      0 |    140 |      0 |   1 |  141.0 |
               +--------+--------+--------+--------+--------+-----+--------+

Top non-repeatable levels by time:
     D:2: 1284 daAuts
     D:3: 1171 daAuts
     D:4: 1002 daAuts
     D:5: 831 daAuts
     D:1: 729 daAuts
     D:9: 670 daAuts
     D:7: 653 daAuts
     D:6: 641 daAuts
     D:8: 498 daAuts
  Temple: 141 daAuts
    D:10: 133 daAuts
